 Dungeon Crawl Stone Soup version 0.29-a0-275-g389c0b56f3 (webtiles) character file.

Game seed: 6590135172834796988

112 Dabor the Chopper (level 4, 0/39 HPs)
             Began as a Palentonga Berserker on Mar 12, 2022.
             Was a Follower of Trog.
             Hit by a boomerang thrown by an orc (1 damage)
             ... on level 3 of the Dungeon.
             The game lasted 00:01:29 (2164 turns).

Dabor the Chopper (Palentonga Berserker)            Turns: 2164, Time: 00:01:30

Health: 0/39       AC:  4    Str: 23    XL:     4   Next: 63%
Magic:  4/4        EV:  9    Int:  7    God:    Trog [*.....]
Gold:   115        SH:  0    Dex:  9    Spells: 3/3 levels left

rFire   . . .      SeeInvis +   a - +0 hand axe
rCold   . . .      Faith    .   (no shield)
rNeg    . . .      Spirit   .   i - +0 leather armour
rPois   .          Reflect  .   (no helmet)
rElec   .          Harm     .   (no cloak)
rCorr   .          Rampage  .   (no gloves)
Will    .....                   (no barding)
Stlth   +.........              (no amulet)
HPRegen 0.13/turn               (no ring)
MPRegen 0.09/turn               (no ring)

@: on berserk cooldown, slowed, very slow
A: large, rugged brown scales 3, see invisible, deformed body, roll 1, armoured
tail
a: Rolling Charge, Renounce Religion, Berserk


You were on level 3 of the Dungeon.
You worshipped Trog.
Trog was aware of your devotion.
You visited 1 branch of the dungeon, and saw 3 of its levels.

You collected 115 gold pieces.

Inventory:

Hand Weapons
 a - a +0 hand axe (weapon)
Armour
 b - a +0 animal skin
 i - a +0 leather armour (worn)
Scrolls
 c - a scroll of amnesia {unknown}
 d - a scroll of fear {unknown}
 f - a scroll of teleportation {unknown}
 h - a scroll of vulnerability {unknown}
 k - a scroll of enchant weapon {unknown}
 l - 2 scrolls of identify {unknown}
Potions
 e - a potion of attraction {unknown}
 g - a potion of flight {unknown}
 j - a potion of magic {unknown}
 m - a potion of curing {unknown}


   Skills:
 + Level 3.7 Fighting
 + Level 3.7 Axes
 + Level 2.4 Armour
 + Level 2.4 Dodging


You had 3 spell levels left.
You didn't know any spells.
Your spell library was empty.

Dungeon Overview and Level Annotations

Branches:
Dungeon (3/15)

Altars:

Shops:
D:1 [


Innate Abilities, Weirdness & Mutations

You are completely covered in rugged brown scales. (AC +3, +7% HP)
You have supernaturally acute eyesight. (SInv)
Armour fits poorly on your strangely shaped body.
You can roll at nearby foes to attack.
You have a long armoured tail.


Message History

The orc wizard mumbles some strange words.
The orc wizard flickers and vanishes for a moment.
The orc throws a boomerang.
The boomerang hits you.
* * * LOW HITPOINT WARNING * * *
You slash the orc priest!
You feel the power of Trog in you as your rage grows.
You kill the orc priest!
Trog accepts your kill.
An endoplasm comes into view.
You have reached level 4!
You feel stronger.
You closely miss the orc wizard.
The endoplasm quivers.
You completely miss the orc wizard.
The orc throws a boomerang.
The boomerang hits you but does no damage.
The orc wizard casts a spell at you. The magic dart hits you.
* * * LOW HITPOINT WARNING * * *
You slash the orc wizard!
Your tail-slap misses the orc wizard.
The orc wizard is almost dead.
The orc wizard hits you but does no damage.
You barely miss the orc wizard.
The orc wizard is almost dead.
You slash the orc!
You kill the orc!
Trog accepts your kill.
The orc wizard hits you but does no damage.
You hit the orc wizard.
You kill the orc wizard!
Trog accepts your kill.
Trog appreciates your killing of a magic user.
You feel a strong urge to attack something.
The orc throws a boomerang.
The boomerang hits you but does no damage.
You are too berserk!
You feel your anger nearly subside.
You are no longer berserk.
You are exhausted.
You feel yourself slow down.
The orc throws a boomerang.
The boomerang hits you.
You die...

...#!.......
...#...$....
..#..o.....
..#))..J# ..
#.#.....#
....##.#.....# .
.......#.....##..
#.........#
#.@........
..###..........
........).......
........<......#
...............#
................
...............#
.......##.......
....... .######


You could see an orc and an endoplasm.

Vanquished Creatures
  An orc priest (D:3)
  An orc wizard (D:3)
  An adder (D:2)
  A worm (D:2)
  A dart slug (D:1)
  2 orcs (D:3)
  3 ball pythons
  5 endoplasms
  3 giant cockroaches
  3 hobgoblins
  3 jackals (D:1)
  4 kobolds
  3 quokkas
  2 bats (D:2)
  2 frilled lizards
  A goblin (D:1)
  A rat (D:1)
37 creatures vanquished.

Notes
Turn   | Place    | Note
-------+----------+-------------------------------------------
     0 | D:1      | Dabor the Palentonga Berserker began the quest for the Orb.
     0 | D:1      | Reached XP level 1. HP: 19/19 MP: 1/1
   207 | D:1      | Reached XP level 2. HP: 23/25 MP: 2/2
   935 | D:1      | Found Qenegh's Antique Armour Shop.
  1186 | D:2      | Reached XP level 3. HP: 23/31 MP: 3/3
  1346 | D:2      | Noticed an eye of devastation
  1349 | D:2      | Found a faded altar of an unknown god.
  1351 | D:2      | Noticed a great orb of eyes
  1351 | D:2      | Noticed a great orb of eyes
  1351 | D:2      | Noticed a floating eye
  2156 | D:3      | Reached XP level 4. HP: 7/38 MP: 4/4
  2157 | D:3      | HP: 1/57 [orc wizard/magic dart (6)]
  2164 | D:3      | Hit by a boomerang thrown by an orc

Illustrated notes

Levels and vault maps discovered:
D:1:      dpeg_arrival_solitude, layout_loops_cross, serial_shops,
          nicolae_shop_trees
D:2:      layout_basic, hellmonk_ecumenical_altar_watching_god,
          grunt_ministairs_5, nicolae_underground_beach
D:3:      layout_basic, grunt_temple_overflow_open

Skill      XL: |  1  2 |
---------------+-------+-----
Armour         | 2 |  2.4
Dodging        | 2 |  2.4
Fighting       | |  3.7
Axes           | |  3.7

Action                   |  1- 3 |  4- 6 || total
-------------------------+-------+-------++-------
Melee: Hand axe          |    99 |     5 ||   104
       Tailslap          |     9 |       ||     9
Invok: Berserk           |     2 |       ||     2
Armor: Animal skin       |    23 |       ||    23
       Leather armour    |    29 |     4 ||    33
Dodge: Dodged            |    55 |       ||    55

Table legend: (Time is in decaauts)
 A = Elapsed time spent in this place.
 B = Non-inter-level travel time spent in this place.
 C = Inter-level travel time spent in this place.
 D = Time resting spent in this place.
 E = Time spent auto-exploring this place.
 F = Levels seen in this place.
 G = Mean time per level.
                   A        B        C        D        E       F      G
               +--------+--------+--------+--------+--------+-----+--------+
         Total |   2182 |   2076 |    106 |      0 |   1830 |   3 |  727.3 |
       Dungeon |   2182 |   2076 |    106 |      0 |   1830 |   3 |  727.3 |
               +--------+--------+--------+--------+--------+-----+--------+

Top non-repeatable levels by time:
     D:1: 1096 daAuts
     D:2: 1064 daAuts
     D:3: 21 daAuts
